 Dungeon Crawl Stone Soup version 0.24-a0-439-g6dd8730de2 (webtiles) character file.

Game seed: 11829506575584783496

179 KristoblXynda the Slasher (level 5, -7/45 HPs)
             Began as a Draconian Gladiator on June 18, 2019.
             Mangled by an ogre
             ... wielding a +0 giant club
              (20 damage)
             ... on level 4 of the Dungeon.
             The game lasted 00:06:16 (3057 turns).

KristoblXynda the Slasher (Draconian Gladiator)     Turns: 3057, Time: 00:06:17

Health: -7/45      AC:  7    Str: 17    XL:     5   Next: 33%
Magic:  5/5        EV: 13    Int:  9    God:
Gold:   225        SH:  0    Dex: 12    Spells: 4/4 levels left

rFire    . . .     SeeInvis +   a - +1 long sword
rCold    . . .     Gourm    .   (no shield)
rNeg     . . .     Faith    .   (armour unavailable)
rPois    .         Spirit   .   b - +0 hat
rElec    .         Reflect  .   (no cloak)
rCorr    .         Harm     .   (no gloves)
MR       .....                  l - +1 pair of boots
Stlth    +.........             (no amulet)
HPRegen  0.15/turn              j - ring of see invisible
MPRegen  0.09/turn              (no ring)

@: no status effects
A: unfitting armour, cold-blooded, AC +5
a: no special abilities


You were on level 4 of the Dungeon.
You were not hungry.

You visited 1 branch of the dungeon, and saw 4 of its levels.

You collected 225 gold pieces.

Inventory:

Hand Weapons
 a - a +1 long sword (weapon)
Missiles
 c - 3 throwing nets (quivered)
Armour
 b - a +0 hat (worn)
 f - a cursed +0 shield
 l - a +1 pair of boots (worn)
Jewellery
 j - a ring of see invisible (left hand)
Scrolls
 h - 2 scrolls of enchant weapon
 n - a scroll of remove curse
Potions
 e - 3 potions of heal wounds
 g - 2 potions of agility {unknown}
 i - a potion of curing {unknown}
 o - a potion of lignification {unknown}
 p - a potion of brilliance {unknown}
Comestibles
 d - 6 rations
 m - a chunk of flesh


   Skills:
 + Level 3.3 Fighting
 * Level 4.8 Long Blades
 - Level 2.0 Throwing
 + Level 3.5 Dodging


You had 4 spell levels left.
You didn't know any spells.
Your spell library was empty.

Dungeon Overview and Level Annotations

Branches:
Dungeon (4/15)
 Temple: D:4-7

Altars:
Sif Muna


Innate Abilities, Weirdness & Mutations

Your plain brown scales are hard. (AC +5)
You cannot fit into any form of body armour.
You are cold-blooded and may be slowed by cold attacks.


Message History

A worm is nearby!
A worm is nearby!
An ogre comes into view. It is wielding a +0 giant club.
You hit the ogre.
The ogre is lightly wounded.
The ogre misses you.
You slash the ogre!
The ogre is heavily wounded.
The ogre barely misses you.
You hit the ogre.
The ogre is severely wounded.
The ogre hits you with a +0 giant club!
You hit the ogre.
The ogre is almost dead.
The ogre hits you with a +0 giant club!
* * * LOW HITPOINT WARNING * * *
You barely miss the ogre. You tail-slap the ogre.
The ogre is almost dead.
The ogre hits you with a +0 giant club!!
You die...

#.#
####.........##
#.# .>.
.............. #.#
#.# #............
#.#
#.####...........#
#.#
..................
#.# #.#
###..#.#####.# #.#
#.# ##...# #.# #.#
#.# #.### #.. #.#
#@# #..# #.. #.#
#O# ##.# #.. #.#
#w#######.## #..
#.#
#..........#####..
#.#
#................
#.#
##.......#.#####.
#.# #..%....#.#
#.# #.......#..
#.# #.......##.#


You could see an ogre and a worm.

Vanquished Creatures
  A bullfrog skeleton (D:4)
  2 worker ants (D:4)
  2 adders
  An ooze (D:1)
  A worm (D:2)
  2 dart slugs
  A leopard gecko (D:3)
  2 orcs (D:3)
  4 giant cockroaches
  10 goblins
  11 hobgoblins
  3 jackals (D:3)
  A quokka (D:3)
  2 ball pythons (D:1)
  6 bats
  3 frilled lizards
  15 kobolds
  8 rats
75 creatures vanquished.

Notes
Turn   | Place    | Note
-------+----------+-------------------------------------------
     0 | D:1      | KristoblXynda the Draconian Gladiator began the quest for
                  | the Orb.
     0 | D:1      | Reached XP level 1. HP: 17/17 MP: 1/1
   105 | D:1      | Reached XP level 2. HP: 20/24 MP: 2/2
   843 | D:1      | Reached XP level 3. HP: 30/30 MP: 3/3
  2085 | D:3      | Reached skill level 4 in Long Blades
  2231 | D:3      | Reached XP level 4. HP: 35/37 MP: 4/4
  2630 | D:3      | Found a deep blue altar of Sif Muna.
  2902 | D:4      | Reached XP level 5. HP: 24/45 MP: 5/5
  3043 | D:4      | Noticed an ogre
  3057 | D:4      | Mangled by an ogre

Levels and vault maps discovered:
D:1:      dpeg_arrival_shrine, layout_rooms
D:2:      layout_basic, first_ration
D:3:      layout_basic, led_sif_book
D:4:      kennysheep_the_goblin_king, layout_basic, enter_ossuary_2,
          corexii_corridor_pit

Skill      XL: |  1  2  3  4 |
---------------+-------------+-----
Throwing       | 2 |  2.0
Dodging        | 3 |  3.5
Long Blades    | 4 |  4.8
Fighting       | 3 |  3.3

Action                   |  1- 3 |  4- 6 || total
-------------------------+-------+-------++-------
Melee: Long sword        |   123 |    59 ||   182
       Tailslap          |    19 |    11 ||    30
  Use: Scroll            |       |     5 ||     5
 Stab: Sleeping          |     2 |       ||     2
  Eat: Chunk             |     4 |     3 ||     7
Armor: Skin              |    41 |    44 ||    85
Dodge: Dodged            |    94 |    73 ||   167
       Rpst.: Long sword |    30 |    20 ||    50

Table legend:
 A = Non-vault XP
 B = Vault XP
 C = Vault XP percentage of total XP
 D = Non-vault monster count
 E = Vault monster count
 F = Vault count percentage of total count
                 A         B        C        D         E       F
            +---------+---------+-------+---------+---------+-------
      Total |     257 |       0 |   0.0 |      75 |       0 |   0.0
            +---------+---------+-------+---------+---------+-------
        D:1 |      45 |       0 |   0.0 |      26 |       0 |   0.0
        D:2 |      28 |       0 |   0.0 |      14 |       0 |   0.0
        D:3 |      59 |       0 |   0.0 |      29 |       0 |   0.0
        D:4 |     125 |       0 |   0.0 |       6 |       0 |   0.0
            +---------+---------+-------+---------+---------+-------
